 Dungeon Crawl Stone Soup version 0.26.0-3-g156281e41b (webtiles) character file.

Game seed: 3510800898041346816

40 Gauvater the Sneak (level 3, 0/31 HPs)
             Began as a Ghoul Delver on Jan 9, 2021.
             Slain by an orc wizard
             ... wielding a +2 dagger of pain
              (3 damage)
             ... on level 4 of the Dungeon.
             The game lasted 00:05:12 (480 turns).

Gauvater the Sneak (Ghoul Delver)                    Turns: 480, Time: 00:05:13

Health: 0/31       AC:  6    Str: 16    XL:     3   Next: 50%
Magic:  2/2        EV: 11    Int:  5    God:
Gold:   5          SH:  0    Dex: 10    Spells: 2/2 levels left

rFire    . . .     SeeInvis .   a - +0 hand axe
rCold    + . .     Faith    .   (no shield)
rNeg     + + +     Spirit   .   i - +0 ring mail
rPois    ∞         Reflect  .   (no helmet)
rElec    .         Harm     .   (no cloak)
rCorr    .         Rampage  .   (no gloves)
Will     .....                  d - +0 pair of boots
Stlth    ++........             (no amulet)
HPRegen  0.00/turn              (no ring)
MPRegen  0.08/turn              (no ring)

@: no status effects
A: claws 1, cold resistance 1, negative energy resistance 3, inhibited
regeneration, torment resistance, unbreathing
a: no special abilities


You were on level 4 of the Dungeon.
You visited 1 branch of the dungeon, and saw 3 of its levels.

You collected 5 gold pieces.

Inventory:

Hand Weapons
 a - a +0 hand axe (weapon)
Armour
 b - a +0 leather armour
 d - a +0 pair of boots (worn)
 i - a +0 ring mail (worn)
Wands
 g - a wand of digging (3)
Scrolls
 c - a scroll of fog
Potions
 f - a potion of haste
 h - a potion of ambrosia {unknown}


   Skills:
 + Level 3.6 Fighting
 + Level 2.1 Axes
 + Level 0.4 Armour
 + Level 1.8 Dodging
 + Level 6.2 Stealth


You had 2 spell levels left.
You didn't know any spells.
Your spell library was empty.

Dungeon Overview and Level Annotations

Branches:
Dungeon (6/15)             Temple (0/1) D:6

Altars:

Annotations:
D:4 Menkaure
D:6 3 runed translucent doors


Innate Abilities, Weirdness & Mutations

You thrive by killing the living.
You are immune to poison.
You have sharp fingernails.
Your flesh is cold resistant. (rC+)
You are immune to negative energy. (rN+++)
You do not regenerate when monsters are visible.
You are immune to unholy pain and torment.
You can survive without breathing.


Message History

You feel less confused. The orc wizard closely misses you.
The orc barely misses you.
The orc wizard points at you and mumbles some strange words.
The puff of flame hits you but does no damage.
The orc wizard casts a spell at you. The puff of flame hits you!
* * * LOW HITPOINT WARNING * * *
The orc hits you but does no damage. The orc wizard casts a spell at you.
The magic dart hits you.
* * * LOW HITPOINT WARNING * * *
The orc wizard closely misses you.
You climb upwards.
Menkaure shouts!
A leopard gecko comes into view.
Found 2 gold pieces and 17 bolts.
There is a stone staircase leading down here.
The orc hits you but does no damage.
The orc wizard hits you with a +2 dagger of pain.
You die...

. .. ##
#..#..
##...#
##....o##
.......@#
......oo#
.......l.
M.........
..$...#....
.....##.....
.....
#.#....
..(..
........


You could see Menkaure, 2 orc wizards, an orc and a leopard gecko (wandering).

Vanquished Creatures
  A hound (D:6)
  A shadow imp (D:6)
  2 giant cockroaches (D:6)
4 creatures vanquished.

Notes
Turn   | Place    | Note
-------+----------+-------------------------------------------
     0 | D:5      | Gauvater the Ghoul Delver began the quest for the Orb.
     0 | D:5      | Reached XP level 1. HP: 19/19 MP: 0/0
    10 | D:5      | Noticed an ogre
    26 | D:6      | Noticed an ice beast
    27 | D:6      | Noticed an orc priest
    35 | D:6      | Found a runed translucent gate.
    35 | D:6      | Found a runed translucent gate.
    35 | D:6      | Found a runed translucent gate.
    57 | D:6      | Reached XP level 2. HP: 8/26 MP: 1/1
   288 | D:6      | Noticed a sky beast
   381 | D:6      | Reached skill level 6 in Stealth
   381 | D:6      | Reached XP level 3. HP: 27/31 MP: 2/2
   426 | D:6      | Noticed an orc warrior
   428 | D:5      | Noticed an ogre
   479 | D:4      | Noticed Menkaure
   480 | D:4      | Slain by an orc wizard

Illustrated notes

Levels and vault maps discovered:
D:4:      layout_cave_pools, serial_shops, shop, uniq_menkaure, uniq_edmund,
          uniq_eustachio, uniq_ijyb, uniq_natasha
D:5:      layout_loops_ring, nicolae_ossuary_entry_catacombs,
          minmay_misc_feat_pillars
D:6:      layout_cave_pools, minmay_temple_entry_fiery, gammafunk_ghost_icy,
          fedhas_altar_2

Skill      XL: |  1  2 |
---------------+-------+-----
Axes           | 2 |  2.1
Stealth        | 6 |  6.2
Fighting       | |  3.6
Armour         | |  0.4
Dodging        | |  1.8

Action                   || total
-------------------------++-------
Melee: Hand axe          ||    25
Throw: Throwing net      ||     1
  Use: Scroll            ||     2
Armor: Leather armour    ||     2
       Ring mail         ||     8
Dodge: Dodged            ||    20
